 Dungeon Crawl Stone Soup version 0.19-a0-36-g4a0968a (webtiles) character file.

5 M4edhros the Grave Robber (level 1, -1/11 HPs)
             Began as an Octopode Necromancer on May 3, 2016.
             Slain by a jackal (2 damage)
             ... on level 2 of the Dungeon.
             The game lasted 00:00:51 (148 turns).

M4edhros the Grave Robber (Octopode Necromancer)     Turns: 148, Time: 00:00:51

Health: -1/11      AC:  1    Str:  7    XL:     1   Next: 80%
Magic:  1/3        EV:  7    Int: 17    God:
Gold:   16         SH:  0    Dex: 12    Spells: 2 memorised, 2 levels left

rFire  . . .     SeeInvis .       - Unarmed
rCold  . . .     Gourm    .     (no shield)
rNeg   . . .     Faith    .     (helmet restricted)
rPois  .         Spirit   .     (no amulet)
rElec  .         Dismiss  .     (no ring)
rCorr  .         Reflect  .     (no ring)
SustAt .         Harm     .     (no ring)
MR     .....                    (no ring)
Stlth  +++.......               (no ring)
                                (no ring)
                                (no ring)
                                (no ring)

@: flying, not resistant to hostile enchantments, fairly stealthy
A: almost no armour, amphibious, 8 rings, constrict 8, camouflage 1, gelatinous
body 1
a: no special abilities


You were on level 2 of the Dungeon.
You were not hungry.

You visited 1 branch of the dungeon, and saw 2 of its levels.

You collected 16 gold pieces.

Inventory:

Books
 a - a book of Necromancy

   Spells                             Type                      Level
   a - Pain                           Necromancy                   1
   b - Animate Skeleton               Necromancy                   1
   c - Vampiric Draining              Necromancy                   3
   d - Regeneration                   Charms/Necromancy            3
   e - Animate Dead                   Necromancy                   4
   f - Control Undead                 Necromancy                   4
Comestibles
 b - a bread ration
 c - a meat ration
 d - a chunk of flesh


   Skills:
 - Level 2.0 Dodging
 - Level 2.6 Stealth
 + Level 1.3 Unarmed Combat
 - Level 2.0 Spellcasting
 - Level 4.0 Necromancy


You had 2 spell levels left.
You knew the following spells:

 Your Spells              Type           Power        Failure   Level  Hunger
a - Pain                  Necr           ###.         3%          1    #......
b - Animate Skeleton      Necr           N/A          3%          1    #......


Dungeon Overview and Level Annotations

Branches:
Dungeon (2/15)

Altars:


Innate Abilities, Weirdness & Mutations

You cannot wear most types of armour.
You are amphibious.
You can wear up to eight rings at the same time.
You can use your tentacles to constrict eight enemies at once.
Your skin changes colour to match your surroundings (Stealth).
Your rubbery body absorbs attacks (AC +1).


Message History

Press: ? - help, Shift-Dir - straight line, f/p - adder
Aim: an adder (moderately wounded, chance to defeat MR: 80%)
The adder barely resists.
The adder bites you but does no damage. The adder bites you.
* * * LOW HITPOINT WARNING * * *
Drink which item? (? for menu, Esc to quit)
Okay, then.
Drink which item? (? for menu, Esc to quit)
It was a potion of flight.
You feel very buoyant.
You fly up into the air.
The jackal closely misses you. The jackal bites you.
* * * LOW HITPOINT WARNING * * *
You aren't carrying any items that you can evoke.
Read which item? (? for menu, Esc to quit)
Okay, then.
The jackal closely misses you. The jackal barely misses you.
There is a stone staircase leading down here.
The jackal bites you.
You die...

.# #...#.# .# ##..#.#
.# ##.#.######
#.........#
#.#..#####.## #
#.##[........# #..#
#..#####..#
#..###..#####..##.##
#...@hS.......>....#
.......##..#####..##.##
.###..# #..# #..# #..
#.... ..... ... ...###
...##. #### ###.# ....#
# #.# ....# #.# #....#
#.^


You could see an adder and a jackal.

Vanquished Creatures
  A giant cockroach (D:1)
  A jackal (D:2)
  4 rats
6 creatures vanquished.

Notes
Turn   | Place    | Note
--------------------------------------------------------------
     0 | D:1      | M4edhros the Octopode Necromancer began the quest for the Orb.
     0 | D:1      | Reached XP level 1. HP: 11/11 MP: 3/3
    17 | D:1      | Reached skill level 1 in Unarmed Combat
    26 | D:1      | Learned a level 1 spell: Animate Skeleton
   148 | D:2      | Slain by a jackal

Vault maps used:
D:1:      dpeg_arrival_prison
D:2:      zin_treasury, uniq_iyjb, uniq_terence

Skill      XL: |  1 |
---------------+----+-----
Unarmed Combat | 1 |  1.3
Dodging        | |  2.0
Stealth        | |  2.6
Spellcasting   | |  2.0
Necromancy     | |  4.0

Action                   || total
-------------------------++-------
Melee: Unarmed           ||     6
       Constrict         ||     2
 Cast: Pain              ||     6
       Animate Skeleton  ||     1
  Use: Potion            ||     1
 Stab: Sleeping          ||     2
Armor: Skin              ||     1
Dodge: Dodged            ||     5
